[Event "Team 45 45 League T48"]
[Site "Internet Chess Club"]
[Date "2011.02.12"]
[Round "1"]
[White "GeorgeCostanza"]
[Black "jjmolina"]
[Result "1/2-1/2"]
[WhiteElo "1760"]
[BlackElo "1702"]
[Opening "Catalan: closed, 5.Nf3"]
[ECO "E06"]
[Time "10:34:06"]
[TimeControl "2700+45"]

1. d4 e6 2. c4 Nf6 3. g3 d5 4. Bg2 Be7 5. Nf3 O-O 6. O-O dxc4 7. Ne5 Nc6 8. Nxc6
bxc6 9. Qa4 Qxd4 10. Rd1 Qb6 11. Bxc6 Rb8 12. Nc3 Ng4 13. e3 Ne5 14. Be4 Bb7 15.
Qc2 f5 16. Bg2 Bxg2 17. Kxg2 Nd3 18. b3 Nxc1 19. Rdxc1 cxb3 20. axb3 Qxb3 21.
Rxa7 Bd6 22. Ne2 Qxc2 23. Rxc2 e5 24. f3 Rb3 25. Kf2 Rfb8 26. Ra5 Rb2 27. Ra2
Rxc2 28. Rxc2 Kf7 29. Nc3 Ke6 30. Ke2 Rb7 31. e4 g6 32. Nd5 Ra7 33. h3 c5 34.
Ne3 Ra1 35. Kf2 Rh1 36. Kg2 Re1 37. Kf2 Rb1 38. Nc4 Rd1 39. g4 fxe4 40. fxe4 Rd4
41. Ke3 Be7 42. Kf3 {Game drawn by mutual agreement} 1/2-1/2

[Event "Team 45 45 League T48"]
[Site "Internet Chess Club"]
[Date "2011.02.14"]
[Round "1"]
[White "acejackace"]
[Black "Signalman"]
[Result "1-0"]
[WhiteElo "1475"]
[BlackElo "1583"]
[Opening "Réti opening"]
[ECO "A05"]
[Time "10:32:33"]
[TimeControl "2700+45"]

1. Nf3 Nf6 2. g3 d6 3. Bg2 e5 4. d3 Be7 5. Nbd2 O-O 6. e4 c6 7. O-O h6 8. Re1
Be6 9. h3 b5 10. Nh4 Qc8 11. Kh2 g5 12. Nf5 Bxf5 13. exf5 Qxf5 14. Qe2 Qc8 15.
c4 a6 16. a4 Ra7 17. axb5 Qc7 18. bxa6 Nxa6 19. Ne4 Nxe4 20. dxe4 Rfa8 21. Be3
c5 22. Qh5 Kg7 23. h4 f6 24. Bh3 Rh8 25. Bf5 Nb4 26. Qg6+ Kf8 27. Be6 Bd8 28.
Rxa7 Qxa7 29. Rd1 Qg7 30. Qh5 Bc7 31. Ra1 Qe7 32. Ra8+ Bd8 33. Rxd8+ Kg7 34.
Rxh8 Kxh8 35. Qxh6+ Qh7 36. Qf8+ Qg8 37. Qxg8# {Black checkmated} 1-0

[Event "Team 45 45 League T48"]
[Site "Internet Chess Club"]
[Date "2011.02.13"]
[Round "1"]
[White "rahulr"]
[Black "IceBox"]
[Result "0-1"]
[WhiteElo "1552"]
[BlackElo "1739"]
[Opening "Réti: King's Indian attack, French variation"]
[ECO "C00"]
[Time "10:01:01"]
[TimeControl "2700+45"]

1. e4 e6 2. d3 d5 3. Nd2 c5 4. Ngf3 Nf6 5. g3 Nc6 6. Bg2 Be7 7. O-O O-O 8. Re1
dxe4 9. Nxe4 Nxe4 10. Rxe4 Qc7 11. Bf4 Bd6 12. d4 Bxf4 13. Rxf4 Rd8 14. c3 b6
15. Qc2 h6 16. Ne5 Nxe5 17. Bxa8 cxd4 18. Rd1 d3 19. Qc1 Bd7 20. Be4 g5 21. Rf3
Nxf3+ 22. Bxf3 Bc6 23. Qe3 Bxf3 24. Qxf3 Qc4 25. Qf6 Rd7 26. Qxh6 Rd5 27. h4 Qe4
28. hxg5 Qe2 29. g6 Qxd1+ 30. Kg2 Qh5 31. gxf7+ Qxf7 32. c4 Rf5 33. Qe3 Qd7 34.
g4 Qc6+ 35. f3 d2 36. gxf5 d1=Q 37. Qg5+ Kf7 38. Qg6+ Ke7 39. Qg7+ Kd6 40. Qf8+
Ke5 41. Qh8+ Kxf5 42. Qh5+ Kf6 43. Qh6+ Ke7 44. Qg7+ Kd8 45. Qf8+ Kc7 46. Qf4+
Kb7 47. Qf7+ Qdd7 48. Qf4 Qg7+ 49. Kf2 Qxb2+ 50. Kg3 Qc7 51. Kh3 Qxf4 52. c5
Qbh2# {White checkmated} 0-1

[Event "Team 45 45 League T48"]
[Site "Internet Chess Club"]
[Date "2011.02.12"]
[Round "1"]
[White "DreamCatcher13"]
[Black "Caminator"]
[Result "1-0"]
[WhiteElo "1935"]
[BlackElo "1848"]
[Opening "French: exchange variation"]
[ECO "C01"]
[Time "21:26:32"]
[TimeControl "2700+45"]

1. e4 e6 2. d4 d5 3. exd5 exd5 4. Nf3 Nf6 5. Bg5 Bd6 6. Bd3 O-O 7. O-O Bg4 8.
Nbd2 Nbd7 9. c3 c6 10. Qc2 Qc7 11. h3 Bh5 12. Rfe1 Rfe8 13. Re3 Bg6 14. Rae1 Bf4
15. Bxf4 Qxf4 16. Ne5 Nxe5 17. Rxe5 Rxe5 18. Rxe5 Re8 19. Nf3 Rxe5 20. Nxe5 Bxd3
21. Nxd3 Qf5 22. Qe2 Qe4 23. Kf1 Kf8 24. a4 Ke7 25. Nc5 Qxe2+ 26. Kxe2 b6 27.
Nd3 Nd7 28. b4 a6 29. f4 f6 30. g4 g5 31. Ke3 Kd6 32. Ne1 Nf8 33. fxg5 fxg5 34.
Nf3 Ne6 35. Ne5 c5 36. Nd3 cxd4+ 37. cxd4 h6 38. a5 bxa5 39. bxa5 Kc6 40. Nb4+
Kb5 41. Nxd5 Kxa5 42. Ke4 Kb5 43. Ke5 Nd8 44. Nc7+ Kb6 45. Kd6 a5 46. Nd5+ Kb5
47. Ne3 a4 48. d5 a3 49. Kd7 a2 50. Nc2 Nb7 51. Kc7 Kc5 52. Kxb7 Kxd5 53. Nb4+
Ke4 54. Nxa2 Kf3 55. Nc3 Kg3 56. Nd5 Kxh3 57. Nf6 Kg3 58. Kc6 Kf4 59. Kd5 h5 60.
gxh5 Kf5 61. Ng4 Kxg4 62. h6 Kf3 63. h7 g4 64. h8=Q g3 65. Qf6+ Kg2 66. Ke4 Kg1
67. Kf3 g2 68. Qg5 Kf1 69. Qxg2+ Ke1 70. Qe2# {Black checkmated} 1-0

[Event "Team 45 45 League T48"]
[Site "Internet Chess Club"]
[Date "2011.02.12"]
[Round "1"]
[White "avila"]
[Black "bshribharath"]
[Result "1-0"]
[WhiteElo "1813"]
[BlackElo "1712"]
[Opening "Ruy Lopez: Berlin defense, open variation"]
[ECO "C67"]
[Time "13:32:37"]
[TimeControl "2700+45"]

1. e4 e5 2. Nf3 Nc6 3. Bb5 Nf6 4. O-O Nxe4 5. Re1 Nd6 6. Bxc6 dxc6 7. Nxe5 Be7
8. d4 O-O 9. Bf4 Re8 10. c3 Be6 11. Nd2 Bf8 12. Qf3 f6 13. Nd3 Nc4 14. Nxc4 Bxc4
15. Rxe8 Qxe8 16. Bxc7 Qd7 17. Bg3 Re8 18. b3 Bd5 19. Qd1 Qf5 20. Nf4 Bf7 21.
Qd2 g5 22. Nd3 Bd5 23. f3 h5 24. Re1 Rxe1+ 25. Bxe1 h4 26. Nf2 Bd6 27. Qd3 Qf4
28. Ng4 f5 29. Bd2 Be4 30. Qe2 {Black resigns} 1-0

[Event "Team 45 45 League T48"]
[Site "Internet Chess Club"]
[Date "2011.02.12"]
[Round "1"]
[White "Ivio"]
[Black "soccerisfun"]
[Result "1-0"]
[WhiteElo "1823"]
[BlackElo "1794"]
[Opening "King's Indian, 3.Nf3"]
[ECO "E90"]
[Time "17:43:53"]
[TimeControl "2700+45"]

1. d4 Nf6 2. Nf3 g6 3. c4 Bg7 4. Nc3 O-O 5. e4 d6 6. h3 e5 7. d5 Nbd7 8. Bd3 Nc5
9. Bc2 a5 10. Be3 Qe7 11. Qd2 Bd7 12. Bh6 c6 13. Bxg7 Kxg7 14. O-O cxd5 15. cxd5
h5 16. Rfe1 Nh7 17. a3 a4 18. Rab1 f5 19. exf5 Bxf5 20. Ne4 Nxe4 21. Bxe4 Bxe4
22. Rxe4 Rf5 23. Nd4 Rf6 24. Ne6+ Kg8 25. Rc1 Rf7 26. Rc7 Qf6 27. Rec4 Nf8 28.
Rxf7 Qxf7 29. Rc7 Qf6 30. Rg7+ Qxg7 31. Nxg7 Kxg7 32. Qb4 Ra7 33. Qxd6 {Black
resigns} 1-0

[Event "Team 45 45 League T48"]
[Site "Internet Chess Club"]
[Date "2011.02.12"]
[Round "1"]
[White "chessrabbit"]
[Black "hcube"]
[Result "1/2-1/2"]
[WhiteElo "1606"]
[BlackElo "1621"]
[Opening "Sicilian: wing gambit"]
[ECO "B20"]
[Time "14:01:18"]
[TimeControl "2700+45"]

1. e4 c5 2. b4 cxb4 3. d4 d6 4. Nf3 Nf6 5. Bd3 e6 6. O-O Be7 7. Be3 O-O 8. Nbd2
a6 9. h3 Nc6 10. Nh2 b5 11. f4 Qc7 12. g4 Bb7 13. g5 Nd7 14. Qh5 e5 15. d5 Na5
16. f5 Nc4 17. Nxc4 bxc4 18. Be2 Nc5 19. f6 Bd8 20. fxg7 Kxg7 21. Qh6+ Kg8 22.
Ng4 f5 23. exf5 Bxd5 24. g6 Ne4 {Game drawn by mutual agreement} 1/2-1/2

[Event "Team 45 45 League T48"]
[Site "Internet Chess Club"]
[Date "2011.02.12"]
[Round "1"]
[White "hewdondada"]
[Black "CamLeslie"]
[Result "0-1"]
[WhiteElo "1844"]
[BlackElo "1912"]
[Opening "Trompowsky attack (Ruth, Opocenský opening)"]
[ECO "A45"]
[Time "15:00:39"]
[TimeControl "2700+45"]

1. d4 Nf6 2. Bg5 c5 3. Bxf6 exf6 4. d5 f5 5. e3 a6 6. a4 d6 7. c4 g6 8. Bd3 Bg7
9. Nc3 Qg5 10. Qf3 Nd7 11. Nh3 Qd8 12. O-O Ne5 13. Qe2 O-O 14. Rfe1 Bd7 15. Kh1
Qh4 16. Red1 Rae8 17. Rd2 Bh6 18. Ng1 f4 19. Nf3 Nxf3 20. Qxf3 Bg4 21. g3 Bxf3+
{White resigns} 0-1

[Event "Team 45 45 League T48"]
[Site "Internet Chess Club"]
[Date "2011.02.13"]
[Round "1"]
[White "betolini"]
[Black "Fatman"]
[Result "0-1"]
[WhiteElo "1838"]
[BlackElo "1790"]
[Opening "Ruy Lopez: closed, Chigorin defense"]
[ECO "C97"]
[Time "12:00:29"]
[TimeControl "2700+45"]

1. e4 e5 2. Nf3 Nc6 3. Bb5 a6 4. Ba4 Nf6 5. O-O Be7 6. Re1 b5 7. Bb3 d6 8. c3
O-O 9. h3 Na5 10. Bc2 c5 11. d4 Qc7 12. Nbd2 Bd7 13. Nf1 Rac8 14. d5 Nc4 15. b3
Nb6 16. Ng3 a5 17. Bd2 a4 18. Kh1 Ra8 19. Qe2 Rfc8 20. Nh4 g6 21. Nf3 Bf8 22.
Bg5 Bg7 23. Qd2 Ra7 24. Bh6 Rca8 25. Bxg7 Kxg7 26. b4 cxb4 27. cxb4 Nc4 28. Qg5
h6 29. Qc1 Rc8 30. Bd3 Qb6 31. Re2 Rac7 32. Rc2 a3 33. Qf1 Ne3 34. fxe3 Rxc2 35.
Bxc2 Rxc2 36. Qd3 Rc4 37. Rb1 Qc7 38. Qxa3 Nxe4 39. Nxe4 Rxe4 40. Nd2 Qc2 41.
Rb2 Qc1+ 42. Kh2 Rxe3 43. Qxe3 Qxb2 44. a3 Qc1 45. Qd3 Bf5 46. Qe2 Qc3 47. Nf3
Qd3 48. Qxd3 Bxd3 49. Nd2 e4 50. Kg3 f5 51. Kf4 Kf6 52. Nb3 g5+ 53. Ke3 f4+ 54.
Kd4 Bc4 55. Nd2 e3 56. Nf3 Be2 57. Ne1 Kf5 58. Nc2 h5 59. Kc3 Ke5 60. Nd4 Bf1
61. Nf3+ Kxd5 62. Nxg5 Bxg2 63. h4 f3 {White resigns} 0-1

[Event "Team 45 45 League T48"]
[Site "Internet Chess Club"]
[Date "2011.02.11"]
[Round "1"]
[White "RamRock"]
[Black "vvsi"]
[Result "1-0"]
[WhiteElo "1895"]
[BlackElo "1724"]
[Opening "Old Benoni: Franco-Benoni defense"]
[ECO "C01"]
[Time "23:08:11"]
[TimeControl "2700+45"]

1. e4 e6 2. d4 c5 3. d5 exd5 4. exd5 d6 5. Nf3 Be7 6. Bd3 Nf6 7. c4 O-O 8. O-O
Bg4 9. Nbd2 Nbd7 10. Qc2 Rb8 11. Re1 Re8 12. b3 a6 13. Bb2 Qc7 14. Re3 Bf8 15.
Rae1 Rxe3 16. Rxe3 Re8 17. Bxh7+ Kh8 18. Rxe8 Nxe8 19. Bf5 Ndf6 20. h3 Bxf3 21.
Nxf3 b5 22. Ng5 bxc4 23. Qxc4 a5 24. Qh4+ Kg8 25. Bh7+ Kh8 26. Bg6+ {Black
resigns} 1-0

[Event "Team 45 45 League T48"]
[Site "Internet Chess Club"]
[Date "2011.02.14"]
[Round "1"]
[White "chrisgianno"]
[Black "otherook"]
[Result "1-0"]
[WhiteElo "1602"]
[BlackElo "1792"]
[Opening "Old Indian defense"]
[ECO "A42"]
[Time "14:02:31"]
[TimeControl "2700+45"]

1. d4 d6 2. c4 e5 3. dxe5 dxe5 4. Qxd8+ Kxd8 5. Nc3 c6 6. Nf3 f6 7. e4 Be6 8.
Be3 Nd7 9. Be2 Bc5 10. Bxc5 Nxc5 11. Rd1+ Kc7 12. O-O Ne7 13. b4 Na6 14. a3 Rad8
15. c5 b6 16. Bxa6 b5 17. Rxd8 Rxd8 18. Rd1 Rxd1+ 19. Nxd1 Ng6 20. Nc3 Nf4 21.
g3 Nd3 22. Kf1 Bc4 23. Kg2 Be6 24. Nd2 Ne1+ 25. Kf1 Nc2 26. a4 Nxb4 27. axb5
Nxa6 28. bxa6 Bc8 29. f4 Bxa6+ 30. Kf2 exf4 31. gxf4 Bb5 32. Ke3 a5 33. Kd4 a4
34. e5 fxe5+ 35. Kxe5 Kd7 36. f5 Ke7 37. Nxb5 cxb5 38. c6 b4 39. Nc4 b3 40. Na3
Kd8 41. Ke6 {Black resigns} 1-0

[Event "Team 45 45 League T48"]
[Site "Internet Chess Club"]
[Date "2011.02.13"]
[Round "1"]
[White "Zumbi"]
[Black "aww-rats"]
[Result "1/2-1/2"]
[WhiteElo "2113"]
[BlackElo "2031"]
[Opening "Sicilian: Kan, 5.Nc3"]
[ECO "B43"]
[Time "16:34:48"]
[TimeControl "2700+45"]

1. e4 c5 2. Nf3 e6 3. d4 cxd4 4. Nxd4 a6 5. Nc3 Qc7 6. Bd3 Nc6 7. Nxc6 bxc6 8.
Qe2 Bd6 9. Qg4 g6 10. f4 Qb6 11. e5 Bc5 12. Qf3 f5 13. Bd2 Qxb2 14. Rb1 Qa3 15.
Rb3 Qa5 16. Nb5 Qd8 17. Nd6+ Bxd6 18. exd6 Nf6 19. c4 O-O 20. Bc3 a5 21. O-O Ba6
22. Rfb1 a4 23. Rb6 h6 24. Qd1 Kh7 25. Qe1 Nh5 26. g3 g5 27. Qe2 Ng7 28. Qe5 Rg8
29. R6b4 gxf4 30. Qxf4 Bc8 31. Bd2 Qf6 {Game drawn by mutual agreement} 1/2-1/2

[Event "Team 45 45 League T48"]
[Site "Internet Chess Club"]
[Date "2011.02.13"]
[Round "1"]
[White "SaltofLife"]
[Black "Tobiasdelmonte"]
[Result "1/2-1/2"]
[WhiteElo "1853"]
[BlackElo "1619"]
[Opening "QGD Slav: 4.Nc3"]
[ECO "D15"]
[Time "14:08:12"]
[TimeControl "2700+45"]

1. d4 d5 2. c4 c6 3. Nf3 Nf6 4. Nc3 a6 5. e3 Bf5 6. a4 e6 7. c5 b6 8. b4 bxc5 9.
bxc5 a5 10. Ne5 Qc7 11. Ba3 Be7 12. Bd3 Bxd3 13. Qxd3 Nbd7 14. Nxd7 Nxd7 15. Rb1
O-O 16. O-O e5 17. Ne2 Rab8 18. Ng3 g6 19. Bb2 Rb4 20. Bc3 Rxa4 21. Qa6 Nb8 22.
Qb6 Qxb6 23. Rxb6 exd4 24. Bxd4 Rb4 25. Rb1 Na6 26. Bc3 Rxb1+ 27. Rxb1 Rb8 28.
Rxb8+ Nxb8 29. Bxa5 Bxc5 30. Ne2 Nd7 31. Nd4 Bxd4 32. exd4 Nf8 33. Kf1 Ne6 34.
Bb6 Kf8 35. Ke2 Ke7 36. Ke3 Kd6 37. g4 c5 38. dxc5+ Nxc5 39. h4 Ne6 40. Ba7 f5
41. gxf5 gxf5 42. Bb8+ Kc6 43. Be5 Kc5 44. Kd3 h5 45. f3 d4 46. Bf6 Kd5 47. Kd2
Kc4 48. Kc2 Nf4 49. Kd2 Nd5 50. Bg5 d3 51. Bh6 Nc3 52. Bg5 Nb1+ 53. Kd1 Kd4 54.
Bh6 Na3 55. Bg5 Nc4 56. Bf4 Ne3+ 57. Kd2 Ng2 58. Bg5 f4 59. Bf6+ Kc4 60. Bg5 Kd4
61. Bf6+ Kc4 62. Bg5 Ne3 63. Bxf4 Nf5 64. Bg5 Kd4 65. Bf6+ Kc4 66. Bg5 Nd4 67.
f4 Nf3+ 68. Kd1 Kd4 69. Bd8 Ke4 70. Bg5 Kf5 71. Kc1 Kg4 72. Kd1 Nxh4 73. Kd2 Ng2
74. Kxd3 Nxf4+ 75. Bxf4 Kxf4 76. Ke2 Kg3 77. Kf1 {Game drawn by mutual
agreement} 1/2-1/2

[Event "Team 45 45 League T48"]
[Site "Internet Chess Club"]
[Date "2011.02.13"]
[Round "1"]
[White "pawnislander2"]
[Black "smitty120"]
[Result "1-0"]
[WhiteElo "1940"]
[BlackElo "1883"]
[Opening "KGA: Cunningham defense"]
[ECO "C35"]
[Time "20:10:14"]
[TimeControl "2700+45"]

1. e4 e5 2. f4 exf4 3. Nf3 Be7 4. Nc3 Bh4+ 5. Ke2 d6 6. d4 Nc6 7. Bxf4 Bg4 8.
Qd3 Qf6 9. Be3 Nge7 10. Kd2 Bxf3 11. gxf3 Qxf3 12. Be2 Qh3 13. Rag1 Qd7 14. Rxg7
Ng6 15. Nd5 Nce7 16. Rf1 c6 17. Nxe7 Qxe7 18. Rfxf7 Qxf7 19. Rxf7 Kxf7 20. Qb3+
Kf6 21. Qxb7 Ne7 22. Qd7 Rhd8 23. Qg4 Ng6 24. Bc4 Rab8 25. Qf5+ Kg7 26. Qf7+ Kh8
27. Bh6 Rg8 28. Qxa7 {Black resigns} 1-0

[Event "Team 45 45 League T48"]
[Site "Internet Chess Club"]
[Date "2011.02.11"]
[Round "1"]
[White "Twan709"]
[Black "gaibo4ever"]
[Result "0-1"]
[WhiteElo "1882"]
[BlackElo "2074"]
[Opening "Sicilian: dragon, Yugoslav attack, Rauser variation"]
[ECO "B76"]
[Time "18:00:39"]
[TimeControl "2700+45"]

1. e4 c5 2. Nf3 d6 3. d4 cxd4 4. Nxd4 Nf6 5. Nc3 g6 6. Be3 Bg7 7. f3 Nc6 8. Qd2
O-O 9. O-O-O d5 10. Kb1 Rb8 11. Ndb5 a6 12. Na7 e6 13. Nxc8 Qxc8 14. exd5 exd5
15. Ne2 Ne5 16. Bd4 Nfd7 17. f4 Nc4 18. Qc3 Bxd4 19. Qxd4 Nc5 20. Nc3 Ne6 21.
Nxd5 Nxd4 22. Ne7+ Kg7 23. Nxc8 Nxc2 24. Bxc4 Rfxc8 25. Bb3 Ne3 26. Rd7 Nc4 27.
Re1 b5 28. Ree7 Rf8 29. Bxc4 bxc4 30. Kc2 Rbe8 31. Kc3 Kf6 32. Rxe8 Rxe8 33.
Rd6+ Kf5 34. Rxa6 Re2 35. Rb6 Rxg2 36. a4 Rxh2 37. a5 Rh1 38. Kxc4 Ra1 39. Kb5
h5 40. Rb8 Kxf4 41. a6 h4 42. Rh8 Kg3 43. Kb6 h3 44. a7 f5 45. Kb7 f4 46. a8=Q
Rxa8 47. Kxa8 h2 48. b4 f3 49. b5 f2 {White resigns} 0-1

[Event "Team 45 45 League T48"]
[Site "Internet Chess Club"]
[Date "2011.02.13"]
[Round "1"]
[White "chess9793"]
[Black "theophilus"]
[Result "1/2-1/2"]
[WhiteElo "2106"]
[BlackElo "2210"]
[Opening "French: Tarrasch"]
[ECO "C03"]
[Time "16:01:00"]
[TimeControl "2700+45"]

1. e4 e6 2. d4 d5 3. Nd2 Be7 4. Bd3 c5 5. dxc5 Nf6 6. Qe2 Nc6 7. Ngf3 Nb4 8. Nb3
Nxd3+ 9. cxd3 a5 10. a4 b6 11. e5 Nd7 12. c6 Nc5 13. Nbd4 Ba6 14. Nb5 Nb3 15.
Rb1 Bb4+ 16. Kf1 O-O 17. d4 f6 18. Qd3 fxe5 19. Qxb3 exd4 20. Nxd4 Kh8 21. Be3
Qe8 22. Rd1 e5 23. Nf3 d4 24. Bd2 Qxc6 25. Nxe5 Bxb5+ 26. axb5 Qxb5+ 27. Nd3 a4
28. Qxb4 Qxd3+ 29. Kg1 Rf5 30. Re1 Raf8 31. f3 Kg8 32. Bc1 b5 33. Qd2 Qxd2 34.
Bxd2 Rc8 35. Rc1 Rxc1+ 36. Bxc1 Rc5 37. Kf2 Rc2+ 38. Kg3 d3 39. Rd1 b4 40. f4 b3
41. Kf3 d2 42. Bxd2 Rxb2 43. Bc1 Rc2 44. Ba3 Ra2 45. Bc1 Rc2 46. Ba3 Ra2 47. Bc1
Rc2 48. Ba3 {Game drawn by repetition} 1/2-1/2

[Event "Team 45 45 League T48"]
[Site "Internet Chess Club"]
[Date "2011.02.12"]
[Round "1"]
[White "mickeys"]
[Black "leland"]
[Result "1-0"]
[WhiteElo "1968"]
[BlackElo "1829"]
[Opening "Grünfeld: Russian variation"]
[ECO "D96"]
[Time "19:30:14"]
[TimeControl "2700+45"]

1. d4 Nf6 2. Nf3 g6 3. c4 d5 4. Nc3 Bg7 5. Qb3 c6 6. e3 O-O 7. Bd2 e6 8. Bd3
Nbd7 9. O-O Qb6 10. Qc2 dxc4 11. Bxc4 Nd5 12. e4 Nxc3 13. bxc3 c5 14. Be3 cxd4
15. cxd4 Qc6 16. Rac1 Nb6 17. Bd3 Bd7 18. Qd2 Qd6 19. Bf4 Qa3 20. Rc3 Qa4 21.
Bh6 Rac8 22. Bxg7 Kxg7 23. Rfc1 Rxc3 24. Rxc3 Rc8 25. Rxc8 Nxc8 26. h4 h5 27.
Qf4 Qa5 28. e5 Qd8 29. Ng5 Qe7 30. Ne4 Nb6 31. Nf6 Bc6 32. Qg5 Nd5 33. Nxh5+ Kh7
34. Nf6+ Nxf6 35. exf6 Qf8 36. h5 Qh6 37. hxg6+ fxg6 38. Qe5 Qc1+ 39. Bf1 Bd5
40. f7 Qc8 41. Qf6 Qf8 42. Bd3 {Black resigns} 1-0

[Event "Team 45 45 League T48"]
[Site "Internet Chess Club"]
[Date "2011.02.11"]
[Round "1"]
[White "wilson97"]
[Black "cityprosecutor"]
[Result "1-0"]
[WhiteElo "1831"]
[BlackElo "1748"]
[Opening "Sicilian: dragon, classical attack"]
[ECO "B72"]
[Time "23:02:08"]
[TimeControl "2700+45"]

1. e4 c5 2. Nf3 d6 3. d4 cxd4 4. Nxd4 Nf6 5. Nc3 g6 6. Be3 Bg7 7. Be2 a6 8. O-O
O-O 9. a4 Nbd7 10. Qd2 Re8 11. f3 Ne5 12. Kh1 Bd7 13. Bh6 Bh8 14. Bf4 Nc6 15.
Be3 Rc8 16. Nb3 Ne5 17. Rfd1 Nc4 18. Bxc4 Rxc4 19. Qd3 Qc8 20. Bd4 Be6 21. Rac1
Rb4 22. Nd5 Bxd5 23. exd5 Rxa4 24. Bc3 Qc7 25. Nd2 Rc8 26. Bd4 Ng4 27. Bg1 Ne5
28. Qe2 Ra2 29. Bd4 Qd7 30. f4 Ng4 31. Bxh8 Kxh8 32. h3 Nf6 33. Nc4 Qc7 34. b3
b5 35. Ne3 Ne4 36. Qf3 f5 37. Rd3 Qa5 38. Kh2 Ra1 39. Rxa1 Qxa1 40. Qe2 Rc3 41.
Nd1 Rc5 42. Nf2 Nxf2 43. Qxf2 Qf6 44. Qe2 Qf7 45. Re3 Rc7 46. Re6 Kg8 47. Qe3
Qe8 48. Rxd6 Rxc2 49. Rxa6 b4 50. Re6 Qd7 51. Qe5 Rc7 52. Rb6 Rb7 53. Ra6 Ra7
54. Qb8+ Kf7 55. Rxa7 Qxd5 56. Qxb4 {Black resigns} 1-0

[Event "Team 45 45 League T48"]
[Site "Internet Chess Club"]
[Date "2011.02.13"]
[Round "1"]
[White "subterfuge"]
[Black "ice-cream"]
[Result "1-0"]
[WhiteElo "1820"]
[BlackElo "1811"]
[Opening "Nimzo-Indian: classical, Milner-Barry (Zurich) variation"]
[ECO "E33"]
[Time "19:00:17"]
[TimeControl "2700+45"]

1. d4 Nf6 2. c4 e6 3. Nc3 Bb4 4. Qc2 Nc6 5. Nf3 d6 6. e4 O-O 7. Bg5 h6 8. Be3
Re8 9. Be2 e5 10. d5 Nd4 11. Qd3 Nxe2 12. Kxe2 Ng4 13. Bd2 Bc5 14. Raf1 f5 15.
h3 Nf6 16. g4 fxg4 17. Ne1 gxh3 18. Kd1 Ng4 19. Qg3 Bxf2 20. Rxf2 Nxf2+ 21. Qxf2
Rf8 22. Qg3 Qf6 23. Be3 Bd7 24. Ne2 g5 25. Ng1 Qf1 26. Rh2 Rf7 27. Nxh3 Qxc4 28.
Nf2 Rh7 29. Rxh6 Rg7 30. Qh2 Be8 31. Rh8+ Kf7 32. Qh5+ Ke7 33. Bxg5+ Rxg5 34.
Qxg5+ Kd7 35. Qf5+ Kd8 36. Qf6+ Kd7 37. Qe6+ Kd8 38. Rxe8# {Black checkmated}
1-0

[Event "Team 45 45 League T48"]
[Site "Internet Chess Club"]
[Date "2011.02.12"]
[Round "1"]
[White "DieHappy"]
[Black "Paulkov"]
[Result "1-0"]
[WhiteElo "2542"]
[BlackElo "2272"]
[Opening "King's Indian: 3.g3"]
[ECO "E60"]
[Time "12:04:16"]
[TimeControl "2700+45"]

1. d4 Nf6 2. c4 g6 3. g3 c5 4. d5 d6 5. Nc3 Bg7 6. Nf3 O-O 7. Bg2 Na6 8. O-O Nc7
9. a4 Na6 10. h3 Nb4 11. e4 e6 12. Re1 exd5 13. cxd5 Re8 14. Bf4 a6 15. Qd2 b6
16. e5 Nh5 17. Bh6 Bxe5 18. Nxe5 dxe5 19. g4 Nf6 20. f4 e4 21. Bg5 Bb7 22. Rad1
Qd6 23. Bxf6 e3 24. Rxe3 Qxf6 25. g5 Qd6 26. Rxe8+ Rxe8 27. Ne4 Rxe4 28. Bxe4 c4
29. Kh2 Nd3 30. Kg3 Nc5 31. Bc2 Bc8 32. Qe3 Qd7 33. Kh2 Nxa4 34. Bxa4 Qxa4 35.
Re1 Bd7 36. Qxb6 c3 37. Qb8+ Kg7 38. Qe5+ Kg8 39. bxc3 Bb5 40. Kg3 Qb3 41. Qd4
Qc2 42. c4 Bd7 43. c5 Qf5 44. c6 Qxh3+ 45. Kf2 Qh4+ 46. Ke2 Bg4+ 47. Kd2 Qh2+
48. Kc3 {Black resigns} 1-0

[Event "Team 45 45 League T48"]
[Site "Internet Chess Club"]
[Date "2011.02.13"]
[Round "1"]
[White "MaartenKoning"]
[Black "sandham"]
[Result "1/2-1/2"]
[WhiteElo "2247"]
[BlackElo "2131"]
[Opening "Four knights: Scotch, 4...exd4"]
[ECO "C47"]
[Time "03:00:41"]
[TimeControl "2700+45"]

1. e4 e5 2. Nc3 Nf6 3. Nf3 Nc6 4. d4 exd4 5. Nxd4 Bb4 6. Nxc6 bxc6 7. Bd3 d5 8.
exd5 cxd5 9. O-O O-O 10. Bg5 c6 11. Na4 a5 12. c3 Be7 13. Re1 Re8 14. Bc2 Be6
15. Qd3 g6 16. Qd4 Nd7 17. Bxe7 Qxe7 18. b4 axb4 19. cxb4 Reb8 20. a3 Qd6 21.
Re3 Bf5 22. Bxf5 Rxa4 23. Bxd7 Qxd7 24. Rae1 Ra7 25. Qf6 Rf8 26. h4 h5 27. f3
Rc7 28. Qd4 Qd6 29. Re5 Rcc8 30. Kf2 Ra8 31. R1e3 Qc7 32. Re7 Qd6 33. R7e5 Qc7
34. g3 Qa7 35. Qf4 Rae8 36. g4 hxg4 37. fxg4 Re6 38. h5 Rfe8 39. Rxe6 Rxe6 40.
Kf3 Rxe3+ 41. Qxe3 d4 42. Qd3 gxh5 43. gxh5 c5 44. bxc5 Qxc5 45. Ke4 {Game drawn
by mutual agreement} 1/2-1/2

[Event "Team 45 45 League T48"]
[Site "Internet Chess Club"]
[Date "2011.02.13"]
[Round "1"]
[White "AreYouSerious"]
[Black "grabuark"]
[Result "0-1"]
[WhiteElo "2047"]
[BlackElo "2087"]
[Opening "Réti opening"]
[ECO "A05"]
[Time "20:00:24"]
[TimeControl "2700+45"]

1. Nf3 Nf6 2. e3 g6 3. b3 Bg7 4. Bb2 O-O 5. d3 c5 6. Be2 Nc6 7. Nbd2 d5 8. O-O
d4 9. exd4 cxd4 10. a3 a5 11. c4 e5 12. Re1 h6 13. Bf1 Re8 14. Rc1 b6 15. Qc2
Bb7 16. g3 Rc8 17. Bg2 Rc7 18. h3 Rce7 19. Ne4 Nxe4 20. dxe4 Rc7 21. Qd3 Bf8 22.
g4 Nb8 23. Rcd1 Nd7 24. Bc1 b5 25. cxb5 Rc3 26. Qd2 Nc5 27. Qxc3 dxc3 28. Rxd8
Rxd8 29. Nxe5 Nxb3 30. Nc4 Rd4 31. Ne3 Bxe4 32. a4 Rxa4 33. b6 Bxg2 34. Kxg2 Re4
35. Kf3 Re8 36. Rd1 a4 37. Nc2 Rb8 {White resigns} 0-1

[Event "Team 45 45 League T48"]
[Site "Internet Chess Club"]
[Date "2011.02.10"]
[Round "1"]
[White "thestalemater"]
[Black "Vaigpertu"]
[Result "1/2-1/2"]
[WhiteElo "2301"]
[BlackElo "2251"]
[Opening "Sicilian"]
[ECO "B50"]
[Time "17:32:54"]
[TimeControl "2700+45"]

1. e4 c5 2. Nf3 d6 3. d3 Nc6 4. g3 g6 5. Bg2 Bg7 6. O-O e5 7. c3 Nge7 8. Na3 O-O
9. Be3 b6 10. Qd2 Ba6 11. b4 cxb4 12. cxb4 Bb7 13. b5 Na5 14. Qb4 d5 15. Rac1
Qd7 16. Bd2 Rac8 17. Nb1 Rfe8 18. Rfe1 Rxc1 19. Bxc1 Rc8 20. Ba3 Re8 21. Rc1 f6
22. Nfd2 Bf8 23. Qd6 Qxd6 24. Bxd6 dxe4 25. dxe4 Rc8 26. Rc3 Rxc3 27. Nxc3 Nc8
28. Bxf8 Kxf8 29. f4 Nd6 {Game drawn by mutual agreement} 1/2-1/2

[Event "Team 45 45 League T48"]
[Site "Internet Chess Club"]
[Date "2011.02.13"]
[Round "1"]
[White "pestka"]
[Black "zeigmata"]
[Result "1/2-1/2"]
[WhiteElo "2311"]
[BlackElo "2303"]
[Opening "Sicilian: Canal-Sokolsky (Nimzovich-Rossolimo, Moscow) attack"]
[ECO "B51"]
[Time "15:03:44"]
[TimeControl "2700+45"]

1. e4 c5 2. Nf3 d6 3. Bb5+ Nc6 4. O-O Bd7 5. c3 Nf6 6. Re1 a6 7. Bf1 Bg4 8. h3
Bh5 9. d3 e6 10. Nbd2 Be7 11. Be2 O-O 12. Nf1 d5 13. Ng3 Bg6 14. Nh4 Qc7 15.
Nxg6 hxg6 16. Qc2 Bd6 17. Nf1 Bf4 18. exd5 Nxd5 19. Ne3 Nxe3 20. fxe3 Bh2+ 21.
Kh1 Ne7 22. e4 Bf4 23. Bxf4 Qxf4 24. Qc1 Qxc1 25. Raxc1 Rfd8 26. Kg1 Nc6 27. Kf2
Rd7 28. Red1 Rad8 {Game drawn by mutual agreement} 1/2-1/2

[Event "Team 45 45 League T48"]
[Site "Internet Chess Club"]
[Date "2011.02.13"]
[Round "1"]
[White "playwaycool"]
[Black "Jack-ONeill"]
[Result "0-1"]
[WhiteElo "2054"]
[BlackElo "2036"]
[Opening "QGD Slav: exchange variation"]
[ECO "D13"]
[Time "13:06:55"]
[TimeControl "2700+45"]

1. d4 d5 2. c4 c6 3. cxd5 cxd5 4. Nf3 Nf6 5. Nc3 Nc6 6. Bf4 Nh5 7. Bd2 e6 8. Rc1
Nf6 9. e3 Bd6 10. Bd3 O-O 11. O-O e5 12. dxe5 Nxe5 13. Nxe5 Bxe5 14. h3 Re8 15.
Bb5 Re6 16. Na4 Ne4 17. Nc5 Rg6 18. Nxe4 dxe4 19. f4 Bxh3 20. Rf2 Bxb2 21. Rb1
Bf6 22. Bf1 Bh4 23. Re2 Bg4 24. Rxb7 Bg3 25. Qb3 Qh4 26. Rb8+ Bc8 {White
resigns} 0-1